 Dungeon Crawl Stone Soup version 0.21.1-1-g345015f (webtiles) character file.

53 tidbits the Sneak (level 3, 10/31 HPs)
             Began as a Gnoll Assassin on Mar 29, 2018.
             Quit the game on level 4 of the Dungeon.
             The game lasted 00:04:10 (382 turns).

tidbits the Sneak (Gnoll Assassin)                   Turns: 382, Time: 00:04:11

Health: 10/31      AC:  4    Str: 15    XL:     3   Next: 87%
Magic:  3/4        EV: 13    Int: 19    God:
Gold:   19         SH:  0    Dex: 16    Spells: 4/4 levels left

rFire    . . .     SeeInvis .   a - +2 dagger
rCold    . . .     Gourm    .   (no shield)
rNeg     . . .     Faith    .   c - +0 robe
rPois    .         Spirit   .   (no helmet)
rElec    .         Reflect  .   d - +0 cloak
rCorr    .         Harm     .   (no gloves)
MR       .....                  F - +0 pair of boots
Stlth    ++++......             (no amulet)
HPRegen  0.10/turn              (no ring)
MPRegen  0.09/turn              (no ring)

@: brilliant
A: distributed training, fangs 1, low mp 1, strong 1, no potion heal 1, strong
nose
a: no special abilities


You were on level 4 of the Dungeon.
You were not hungry.

You visited 1 branch of the dungeon, and saw 4 of its levels.

You collected 19 gold pieces.

Inventory:

Hand Weapons
 a - a +2 dagger (weapon)
 b - a +0 blowgun
Missiles
 e - 6 poisoned needles
 f - 2 curare-tipped needles
Armour
 c - a +0 robe (worn)
 d - a +0 cloak (worn)
 F - a +0 pair of boots (worn)
Scrolls
 l - a scroll of enchant armour {unknown}
 m - a scroll of immolation {unknown}
Potions
 h - a potion of lignification
 j - a potion of brilliance
Comestibles
 g - 3 rations


   Skills:
 + Level 4.6 Fighting
 + Level 4.6 Short Blades
 + Level 1.0 Long Blades
 + Level 1.0 Axes
 + Level 1.0 Maces & Flails
 + Level 1.0 Polearms
 + Level 1.0 Staves
 + Level 1.0 Slings
 + Level 1.0 Bows
 + Level 1.0 Crossbows
 + Level 4.6 Throwing
 + Level 1.0 Armour
 + Level 2.6 Dodging
 + Level 7.8 Stealth
 + Level 1.0 Shields
 + Level 1.0 Unarmed Combat
 + Level 1.0 Spellcasting
 + Level 0.7 Conjurations
 + Level 0.7 Hexes
 + Level 0.7 Charms
 + Level 0.7 Summonings
 + Level 0.7 Necromancy
 + Level 0.7 Translocations
 + Level 0.7 Transmutations
 + Level 0.7 Fire Magic
 + Level 0.7 Ice Magic
 + Level 0.7 Air Magic
 + Level 0.7 Earth Magic
 + Level 0.7 Poison Magic
 + Level 1.0 Invocations
 + Level 1.0 Evocations


You had 4 spell levels left.
You didn't know any spells.

Dungeon Overview and Level Annotations

Branches:
Dungeon (4/15)
 Temple: D:4-7

Altars:
Nemelex Xobeh
Trog
Zin
The Shining One


Innate Abilities, Weirdness & Mutations

Your experience applies equally to all skills.
You have very sharp teeth.
Your uncanny sense of smell can sniff out nearby items.
Your magical capacity is low. (-10% MP)
Your muscles are strong. (Str +2)
Potions are less effective at restoring your health.


Message History

The helpless kobold fails to defend itself.
You skewer the kobold like a kebab!!!
You kill the kobold!
You open the door.
Found a ration.
Found a murky blue potion.
There is an open door here.
You see here a murky blue potion.
j - 2 murky blue potions (gained 1)
There is an open door here.
Things that are here:
a dagger; a kobold corpse You open the door.
There is an open door here.
There is a stone staircase leading down here.
You climb downwards.
You hear the hiss of flowing sand.
There is an entrance to an ossuary on this level.
Hurry and find it before the portal is buried!
You hear the slow hiss of a distant avalanche of sand.
An adder skeleton comes into view.
There is a stone staircase leading up here.
Found 11 gold pieces.
Found a glowing golden altar of the Shining One.
Unknown command.
A dart slug comes into view.
Found a bloodstained altar of Trog.
Unknown command.
Unknown command.
You see here a scroll labeled FEJIUWKEHU.
You hit the dart slug but do no damage. You hit the dart slug.
The dart slug is moderately wounded.
The adder skeleton bites you.
The dart slug bites you but does no damage.
You barely miss the dart slug. You bite the dart slug.
The dart slug is moderately wounded.
The adder skeleton bites you. The dart slug launches a dart at you.
The slug dart hits you!
* * * LOW HITPOINT WARNING * * *
You hit the dart slug but do no damage. You bite the dart slug.
The dart slug is moderately wounded.
The adder skeleton closely misses you.
You hit the dart slug.
You bite the dart slug, but do no damage.
The dart slug is almost dead.
The dart slug closely misses you.
The adder skeleton bites you but does no damage.
You hit the dart slug.
You kill the dart slug!
You hit the adder skeleton. Your bite misses the adder skeleton.
The adder skeleton is moderately damaged.
The adder skeleton bites you.
* * * LOW HITPOINT WARNING * * *
You barely miss the adder skeleton.
The adder skeleton is moderately damaged.
The adder skeleton misses you.
You hit the adder skeleton.
The adder skeleton is heavily damaged.
The adder skeleton closely misses you.
You hit the adder skeleton. Your bite misses the adder skeleton.
The adder skeleton is heavily damaged.
The adder skeleton bites you.
* * * LOW HITPOINT WARNING * * *
It was a potion of brilliance.
You feel clever all of a sudden. The adder skeleton misses you.
It was a potion of mutation.
You feel extremely strange.
You feel less energetic.
Your system partially rejects the healing effects of potions.
You feel stronger. The adder skeleton misses you.
It was a potion of curing.
Your system partially rejects the healing.
You feel better. The adder skeleton bites you.
* * * LOW HITPOINT WARNING * * *
You hit the adder skeleton.
The adder skeleton is severely damaged.
The adder skeleton bites you but does no damage.
You hit the adder skeleton.
The adder skeleton is severely damaged.
The adder skeleton bites you but does no damage.
You closely miss the adder skeleton.
The adder skeleton is severely damaged.
The adder skeleton misses you.
You hit the adder skeleton.
You destroy the adder skeleton!
Your Long Blades skill increases to level 1!
Your Axes skill increases to level 1!
Your Maces & Flails skill increases to level 1!
Your Polearms skill increases to level 1!
Your Staves skill increases to level 1!
Your Slings skill increases to level 1!
Your Bows skill increases to level 1!
Your Crossbows skill increases to level 1!
Your Armour skill increases to level 1!
Your Shields skill increases to level 1!
Your Unarmed Combat skill increases to level 1!
Your Spellcasting skill increases to level 1!
Your Evocations skill increases to level 1!
Are you sure you want to abandon this character and quit the game? (Confirm with "yes".)

.# ###.# . .# ..#.# #
#. ###.# #.#.#
#.#.##...# #.#)#
#......#.# #.#.#
##...._...# #.#.#
#.........######.#.#
#.....@.........#.#####
#._..8.._.###..........
#.................#####
##.......#.#<.#####
#..._...#.####
###...###.# #.### #.#
#. $.# ## #.#


There were no monsters in sight!

Vanquished Creatures
  3 adders
  An adder skeleton (D:4)
  A dart slug (D:4)
  A leopard gecko (D:3)
  3 giant cockroaches
  5 hobgoblins
  2 bats
  A frilled lizard (D:3)
  3 kobolds
  2 rats
22 creatures vanquished.

Notes
Turn   | Place    | Note
-------+----------+-------------------------------------------
     0 | D:1      | tidbits the Gnoll Assassin began the quest for the Orb.
     0 | D:1      | Reached XP level 1. HP: 20/20 MP: 1/1
   104 | D:2      | Reached XP level 2. HP: 19/26 MP: 2/2
   215 | D:3      | Reached XP level 3. HP: 27/31 MP: 3/3
   308 | D:4      | Reached skill level 1 in Invocations
   333 | D:4      | Found a glowing silver altar of Zin.
   336 | D:4      | Found a sparkling altar of Nemelex Xobeh.
   359 | D:4      | Found a glowing golden altar of the Shining One.
   361 | D:4      | Found a bloodstained altar of Trog.
   376 | D:4      | Gained mutation: Your magical capacity is low. (-10% MP) [potion of mutation]
   376 | D:4      | Gained mutation: Potions are less effective at restoring your health. [potion of mutation]
   376 | D:4      | Gained mutation: Your muscles are strong. (Str +2) [potion of mutation]
   381 | D:4      | Reached skill level 1 in Long Blades
   381 | D:4      | Reached skill level 1 in Axes
   381 | D:4      | Reached skill level 1 in Maces & Flails
   381 | D:4      | Reached skill level 1 in Polearms
   381 | D:4      | Reached skill level 1 in Staves
   381 | D:4      | Reached skill level 1 in Slings
   381 | D:4      | Reached skill level 1 in Bows
   381 | D:4      | Reached skill level 1 in Crossbows
   381 | D:4      | Reached skill level 1 in Armour
   381 | D:4      | Reached skill level 1 in Shields
   381 | D:4      | Reached skill level 1 in Unarmed Combat
   381 | D:4      | Reached skill level 1 in Spellcasting
   381 | D:4      | Reached skill level 1 in Evocations
   382 | D:4      | Quit the game

Skill      XL: |  1  2  3 |
---------------+----------+-----
Invocations    | 1 |  1.0
Long Blades    | 1 |  1.0
Axes           | 1 |  1.0
Maces & Flails | 1 |  1.0
Polearms       | 1 |  1.0
Staves         | 1 |  1.0
Slings         | 1 |  1.0
Bows           | 1 |  1.0
Crossbows      | 1 |  1.0
Armour         | 1 |  1.0
Shields        | 1 |  1.0
Unarmed Combat | 1 |  1.0
Spellcasting   | 1 |  1.0
Evocations     | 1 |  1.0
Fighting       | |  4.6
Short Blades   | |  4.6
Throwing       | |  4.6
Dodging        | |  2.6
Stealth        | |  7.8
Conjurations   | |  0.7
Hexes          | |  0.7
Charms         | |  0.7
Summonings     | |  0.7
Necromancy     | |  0.7
Translocations | |  0.7
Transmutations | |  0.7
Fire Magic     | |  0.7
Ice Magic      | |  0.7
Air Magic      | |  0.7
Earth Magic    | |  0.7
Poison Magic   | |  0.7

Action                   || total
-------------------------++-------
Melee: Dagger            ||    79
       Bite              ||     9
       Unarmed           ||     3
 Fire: Blowgun           ||     2
  Use: Potion            ||     4
 Stab: Sleeping          ||     4
Armor: Robe              ||    19
       Skin              ||     3
Dodge: Dodged            ||    34

Table legend:
 A = Turns spent in this place as a percentage of turns spent in the entire game.
 B = Non-inter-level travel turns spent in this place as a percentage of non-inter-level travel turns spent in the entire game.
 C = Inter-level travel turns spent in this place as a percentage of turns spent in this place.
 D = Turns resting spent in this place as a percentage of non-inter-level travel turns spent in this place.
 E = Turns spent auto-exploring this place as a percentage of non-inter-level travel turns spent in this place.
 F = Non-inter-level travel turns spent in this place divided by the number of levels of this place that you've seen.
                   A       B       C       D       E      F
               +-------+-------+-------+-------+-------+----------------------
         Total | 100.0 | 100.0 |   0.0 |   0.0 |   0.0 |  95.5
       Dungeon | 100.0 | 100.0 |   0.0 |   0.0 |   0.0 |  95.5
               +-------+-------+-------+-------+-------+----------------------

Table legend:
 A = Kills in this place as a percentage of kills in entire the game.
 B = Kills by you in this place as a percentage of kills by you in the entire game.
 C = Kills by friends in this place as a percentage of kills by friends in the entire game.
 D = Other kills in this place as a percentage of other kills in the entire game.
 E = Experience gained in this place as a percentage of experience gained in the entire game.
 F = Experience gained in this place divided by the number of levels of this place that you have seen.
                   A       B       C       D       E      F
               +-------+-------+-------+-------+-------+----------------------
         Total | 100.0 | 100.0 |   N/A |   N/A | 100.0 |  19.0
       Dungeon | 100.0 | 100.0 |   N/A |   N/A | 100.0 |  19.0
               +-------+-------+-------+-------+-------+----------------------

Vault maps used:
D:1:      erik_arrival_triangle_medium
D:2:      okawaru_ov_weapons_minmay, lemuel_round_altar
D:3:      minmay_misc_feat_square
D:4:      yredelemnul_forgotten_temple_becter, grunt_temple_overflow_open,
          enter_ossuary_2, first_ration, st_stairs_11, minmay_misc_feat_tower,
          uniq_blork_the_orc, uniq_sigmund
